 Dungeon Crawl Stone Soup version 0.18.1-48-g4cf74bf (webtiles) character file.

54 Jerry the Grave Robber (level 3, -4/19 HPs)
             Began as a Deep Elf Necromancer on July 14, 2016.
             Slain by a worm (11 damage)
             ... on level 2 of the Dungeon.
             The game lasted 00:16:30 (2118 turns).

Jerry the Grave Robber (Deep Elf Necromancer)       Turns: 2118, Time: 00:16:31

Health: -4/19      AC:  8    Str:  5    XL:     3   Next: 66%
Magic:  9/9        EV: 14    Int: 20    God:
Gold:   103        SH:  0    Dex: 15    Spells: 3 memorised, 3 levels left

rFire  . . .     SeeInvis .     o - +0 short sword (protect)
rCold  . . .     Gourm    .     a - +0 robe
rNeg   . . .     Faith    .     (no shield)
rPois  .         Spirit   .     (no helmet)
rElec  .         Dismiss  .     (no cloak)
rCorr  .         Reflect  .     h - +0 pair of gloves
SustAt .         Harm     .     (no boots)
MR     .....                    (no amulet)
Stlth  ++........               (no ring)
                                (no ring)

@: not resistant to hostile enchantments, unstealthy
A: no striking features
a: no special abilities


You were on level 2 of the Dungeon.
You were not hungry.

You visited 1 branch of the dungeon, and saw 2 of its levels.

You collected 103 gold pieces.

Inventory:

Hand Weapons
 j - a +1 short sword of flaming
 o - a +0 short sword of protection (weapon)
Armour
 a - a +0 robe (worn)
 h - a +0 pair of gloves (worn)
Scrolls
 l - 3 scrolls of identify {unknown}
 n - a scroll of enchant weapon {unknown}
 p - a scroll of remove curse {unknown}
 s - a scroll of immolation {unknown}
 t - a scroll of magic mapping {unknown}
Potions
 d - a potion of degeneration {unknown}
 e - a potion of heal wounds {unknown}
 f - a potion of mutation {unknown}
 g - a potion of haste {unknown}
 i - a potion of brilliance {unknown}
 r - a potion of curing {unknown}
Books
 b - a book of Necromancy

   Spells                             Type                      Level
   a - Pain                           Necromancy                   1
   b - Animate Skeleton               Necromancy                   1
   c - Vampiric Draining              Necromancy                   3
   d - Regeneration                   Charms/Necromancy            3
   e - Animate Dead                   Necromancy                   4
   f - Control Undead                 Necromancy                   4
Comestibles
 c - 4 bread rations
 k - 2 fruits
 m - a royal jelly


   Skills:
 + Level 3.9 Dodging
 - Level 2.4 Stealth
 - Level 3.0 Spellcasting
 + Level 5.7 Necromancy


You had 3 spell levels left.
You knew the following spells:

 Your Spells              Type           Power        Failure   Level  Hunger
a - Pain                  Necr           ####         1%          1    None
b - Animate Skeleton      Necr           N/A          1%          1    None
c - Regeneration          Chrm/Necr      ##........   14%         3    ###....


Dungeon Overview and Level Annotations

Branches:
Dungeon (2/15)

Altars:
Ashenzari
Dithmenos
Pakellas
Xom


Message History

The worm is heavily wounded.
The worm bites you.
You hit the worm but do no damage.
The worm is moderately wounded.
The worm bites you but does no damage.
You hit the worm but do no damage.
The worm is moderately wounded.
You hit the worm.
The worm is moderately wounded.
The worm bites you!
You barely miss the worm.
The worm is moderately wounded.
The worm bites you.
You hit the worm but do no damage.
The worm is moderately wounded.
You hit the worm.
The worm is heavily wounded.
The worm bites you!
Ouch! That really hurt!
You die...

................######.#
....>..........## #.#
#...###........# #.#
..### #........# #.# ###
#........# #.#
################ #.#
.......## #######.#
...###..## #.......#
..#...#..# #@#######
.###_###.# #w#
..#...#..#######.#
...###..##.....#.#
.......###.##....#
...#..##
#.##..########.# .....##
#......w.......# ...###
################ ...#


You could see a worm.

Vanquished Creatures
  2 adders (D:2)
  2 worms (D:2)
  A dart slug (D:2)
  2 giant geckos (D:2)
  4 bats
  A giant cockroach (D:2)
  5 hobgoblins
  2 giant newts
  4 goblins
  2 kobolds
  3 rats (D:1)
28 creatures vanquished.

Notes
Turn   | Place    | Note
--------------------------------------------------------------
     0 | D:1      | Jerry the Deep Elf Necromancer began the quest for the Orb.
     0 | D:1      | Reached XP level 1. HP: 10/10 MP: 6/6
    74 | D:1      | Learned a level 1 spell: Animate Skeleton
   315 | D:1      | Reached skill level 5 in Necromancy
   545 | D:1      | Found a shattered altar of Ashenzari.
   752 | D:1      | Reached XP level 2. HP: 15/15 MP: 8/8
  1196 | D:2      | Reached XP level 3. HP: 12/19 MP: 3/9
  1433 | D:2      | Learned a level 3 spell: Regeneration
  1504 | D:2      | Found a shadowy altar of Dithmenos.
  1910 | D:2      | Found an oddly glowing altar of Pakellas.
  1979 | D:2      | Found a shimmering altar of Xom.
  2118 | D:2      | Slain by a worm

Skill      XL: |  1  2 |
---------------+-------+-----
Necromancy     | 5 |  5.7
Dodging        | 3 |  3.9
Stealth        | |  2.4
Spellcasting   | |  3.0

Action                   || total
-------------------------++-------
Melee: Unarmed           ||     7
       Short sword       ||    54
 Cast: Pain              ||    38
       Animate Skeleton  ||     2
       Regeneration      ||     1
 Stab: Sleeping          ||     2
  Eat: Chunk             ||     4
Armor: Robe              ||    14
Dodge: Dodged            ||    37
